AoeStats
← King Yellow

Arabia

520184837Analyzed
2v2 RM · 6d ago on Nov 10, 2026· 54m 7s· 4 players
Game mode
Random Map
Map size
Medium (4 player)
Population
200
Speed
Normal
Resources
Standard
Victory
Conquest
Starting age
Dark Age
Ending age
Imperial Age
RankedLock teamsTeams togetherTeam positionsShared explorationLock speedFull tech treeHidden civsTurbo modeCheats
Victory
Defeat
🇦🇷 Bulgarians · Argentina
1258
+16
🇦🇷 Maya · Argentina
1240
+18
vs
🇨🇿 Franks · Czechia
1260
-17
🇨🇿 Berbers · Czechia
1260
-17
Gramatikon
7:06 Loom
9:32 Feudal Age
13:28 Double-Bit Axe
14:06 Horse Collar
20:04 Castle Age
19:12 Forging
19:03 Gold Mining
19:32 Scale Mail Armor
23:29 Scale Barding Armor
24:58 Iron Casting
28:54 Pikeman
30:20 Squires
31:10 Wheelbarrow
38:27 Stone Mining
42:22 Imperial Age
41:59 Town Watch
45:49 Chain Mail Armor
46:34 Blast Furnace
48:58 Chain Barding Armor
50:41 Conscription
49:42 Elite Konnik
51:23 Plate Barding Armor
53:48 Gold Shaft Mining
King Yellow
0:28 Loom
9:29 Feudal Age
9:49 Man-at-Arms
16:04 Fletching
23:08 Castle Age
21:28 Gold Mining
21:21 Horse Collar
22:47 Padded Archer Armor
23:17 Double-Bit Axe
23:28 Crossbowman
27:02 Bodkin Arrow
31:31 Pikeman
32:11 Squires
36:59 Forging
36:49 Scale Mail Armor
37:24 Leather Archer Armor
39:44 Wheelbarrow
40:45 Heavy Plow
43:30 Imperial Age
43:36 Arbalester
45:21 Chemistry
44:38 Thumb Ring
45:22 Hand Cart
47:54 Ballistics
50:18 Bracer
51:51 Ring Archer Armor
52:41 Halberdier
54:25 Hul'che Javelineers
KubiCZEch1893
2:25 Loom
6:41 Loom
8:57 Feudal Age
8:12 Loom
9:59 Double-Bit Axe
15:49 Horse Collar
20:24 Castle Age
18:48 Bloodlines
19:15 Scale Barding Armor
19:37 Forging
20:35 Gold Mining
21:31 Chain Barding Armor
32:36 Fletching
43:03 Bow Saw
44:14 Bodkin Arrow
46:01 Padded Archer Armor
48:21 Leather Archer Armor
WataruCZ
6:54 Loom
9:41 Feudal Age
10:21 Double-Bit Axe
20:54 Castle Age
19:38 Forging
20:05 Scale Barding Armor
22:18 Husbandry
23:25 Gold Mining
28:28 Fletching
30:27 Chain Barding Armor
34:19 Bodkin Arrow
34:33 Stone Mining
44:36 Wheelbarrow
47:35 Imperial Age
45:51 Scale Mail Armor
47:14 Iron Casting
48:13 Chain Mail Armor
48:46 Conscription
47:49 Cavalier
49:38 Plate Barding Armor
49:30 Elite Throwing Axeman
51:49 Blast Furnace
Connection lost

Rejoining the realm…

Still unreachable

The connection could not be restored.

Session expired

The server has moved on; the page needs a fresh start.